 Dungeon Crawl Stone Soup version 0.21-a0-404-g291f19a (webtiles) character file.

238 karf the Conjurer (level 6, -1/32 HPs)
             Began as a Gargoyle Fire Elementalist on Oct 31, 2017.
             Slain by a hippogriff (5 damage)
             ... on level 3 of the Dungeon.
             The game lasted 00:10:41 (3416 turns).

karf the Conjurer (Gargoyle Fire Elementalist)      Turns: 3416, Time: 00:10:41

Health: -1/32      AC:  6    Str: 13    XL:     6   Next: 7%
Magic:  8/10       EV: 12    Int: 16    God:
Gold:   128        SH:  0    Dex: 12    Spells: 10/11 levels left

rFire    + . .     SeeInvis .   d - +1 mace (drain)
rCold    . . .     Gourm    .   (no shield)
rNeg     + . .     Faith    .   a - +0 robe
rPois    ∞         Spirit   .   (no helmet)
rElec    +         Reflect  .   (no cloak)
rCorr    .         Harm     .   (no gloves)
MR       .....                  (no boots)
Stlth    ++........             (no amulet)
HPRegen  0.10/turn              e - +2 ring of dexterity
MPRegen  0.12/turn              j - ring of protection from fire

@: no status effects
A: negative energy resistance 1, electricity resistance, unbreathing,
petrification resistance, rot immunity, AC +4
a: no special abilities


You were on level 3 of the Dungeon.
You were not hungry.

You visited 1 branch of the dungeon, and saw 4 of its levels.

You collected 128 gold pieces.

Inventory:

Hand Weapons
 d - a +1 mace of draining (weapon)
Armour
 a - a +0 robe (worn)
 q - a +0 plate armour
Jewellery
 e - a +2 ring of dexterity (left hand)
 j - a ring of protection from fire (right hand)
Wands
 l - a wand of flame (20/48)
Scrolls
 g - 2 scrolls of enchant weapon {unknown}
 i - 4 scrolls of identify {unknown}
 k - a scroll of recharging {unknown}
 o - a scroll of immolation {unknown}
 p - a scroll of teleportation {unknown}
Potions
 f - a potion of degeneration {unknown}
 h - a potion of lignification {unknown}
 m - a potion of might {unknown}
 n - a potion of resistance {unknown}
Books
 b - a book of Flames

   Spells                             Type                      Level
   a - Flame Tongue                   Conjuration/Fire             1
   b - Throw Flame                    Conjuration/Fire             2
   c - Conjure Flame                  Conjuration/Fire             3
   d - Inner Flame                    Hexes/Fire                   3
   e - Sticky Flame                   Conjuration/Fire             4
   f - Fireball                       Conjuration/Fire             5
Comestibles
 c - 4 bread rations


   Skills:
 + Level 2.5 Armour
 - Level 1.5 Dodging
 - Level 2.1 Stealth
 + Level 3.0 Spellcasting
 * Level 4.1 Conjurations
 + Level 3.9 Fire Magic


You had 10 spell levels left.
You knew the following spells:

 Your Spells              Type           Power        Failure   Level  Hunger
a - Flame Tongue          Conj/Fire      ###..        3%          1    #......


Dungeon Overview and Level Annotations

Branches:
Dungeon (4/15)
 Temple: D:4-7

Altars:
Dithmenos
Fedhas
Ru


Innate Abilities, Weirdness & Mutations

You are resistant to torment.
Your stone body is resilient. (AC +4)
You are immune to poison.
You resist negative energy. (rN+)
You are resistant to electric shocks. (rElec)
You can survive without breathing.
You are immune to petrification.
You are immune to rotting.


Message History

Casting: Flame Tongue
Confirm with . or Enter, or press ? or * to list all spells.
Aiming: Flame Tongue
Press: ? - help, Shift-Dir - straight line, f/p - hippogriff
Aim: a hippogriff (moderately wounded)
The flame tongue hits the hippogriff.
The hippogriff is moderately wounded.
The hippogriff bites you but does no damage.
The hippogriff pecks you!
* * * LOW HITPOINT WARNING * * *
The hippogriff claws you.
* * * LOW HITPOINT WARNING * * *
The hippogriff closely misses you. The hippogriff barely misses you.
The hippogriff closely misses you.
There is a stone staircase leading up here.
The hippogriff barely misses you. The hippogriff closely misses you. x2
You climb upwards.
There is a stone staircase leading down here.
The hippogriff bites you.
You die...

#...................#.#.#
#...............#####.#.#
####..............# #.#.#
...#....########..#####.#.#
.).................).[[...#
.....(..(.....>....)..#.###
........(....#........#.#
....###.##.#.#..H.....#.#
....# #.#.<#.#..@.....#.#
....# #.#.##.#.#........###
....###'#....#.#.######...#
....##...#####.#......#.#.#
....##...'............#.#.#
....##...##.....#######.#.#
....##...##.....'.......#.#
....##...##.....#########.#
....##...######## #.#


You could see a hippogriff.

Vanquished Creatures
  2 orc priests (D:3)
  An orc wizard (D:3)
  Natasha (D:2)
  A hound skeleton (D:4)
  5 adders (D:2)
  An ooze (D:2)
  A worm (D:2)
  A dart slug (D:2)
  4 leopard geckos
  4 orcs (D:3)
  3 ball pythons
  3 giant cockroaches
  3 hobgoblins
  2 jackals (D:3)
  A quokka (D:3)
  5 bats
  5 frilled lizards
  7 goblins
  4 kobolds
  4 rats
58 creatures vanquished.

Notes
Turn   | Place    | Note
-------+----------+-------------------------------------------
     0 | D:1      | karf the Gargoyle Fire Elementalist began the quest for the Orb.
     0 | D:1      | Reached XP level 1. HP: 10/10 MP: 3/3
   449 | D:1      | Reached XP level 2. HP: 15/15 MP: 3/5
   819 | D:2      | Noticed Natasha
   822 | D:2      | Killed Natasha
   822 | D:2      | Reached skill level 1 in Armour
   822 | D:2      | Reached skill level 2 in Conjurations
   822 | D:2      | Reached XP level 3. HP: 19/19 MP: 2/6
   936 | D:2      | Reached XP level 4. HP: 21/24 MP: 3/7
  1167 | D:2      | Found a blossoming altar of Fedhas.
  1325 | D:2      | Reached skill level 3 in Conjurations
  1756 | D:3      | Reached XP level 5. HP: 28/28 MP: 6/9
  2346 | D:3      | Found a shadowy altar of Dithmenos.
  2346 | D:3      | Found a sacrificial altar of Ru.
  3122 | D:3      | HP: 1/28 [orc priest/divine providence (14)]
  3143 | D:3      | Reached skill level 4 in Conjurations
  3327 | D:4      | Reached XP level 6. HP: 32/32 MP: 8/10
  3393 | D:4      | Noticed a hippogriff
  3416 | D:3      | Slain by a hippogriff

Vault maps used:
D:1:      dpeg_arrival_rhombus, kennysheep_pointless_box
D:2:      kennysheep_big_flooded_room, fedhas_altar_3, uniq_natasha
D:3:      gammafunk_temple_overflow_elements
D:4:      minmay_wonky_spiral, nicolae_gozag_cash_rules_everything_around_me,
          minmay_temple_entry_hall, serial_shops, shop, first_bread

Skill      XL: |  1  2  3  4  5 |
---------------+----------------+-----
Armour         | 1 2 |  2.5
Conjurations   | 2 3 4 |  4.1
Spellcasting   | 3 |  3.0
Dodging        | |  1.5
Stealth        | |  2.1
Fire Magic     | |  3.9

Action                   |  1- 3 |  4- 6 || total
-------------------------+-------+-------++-------
Melee: Unarmed           |     1 |    17 ||    18
       Whip              |       |   227 ||   227
       Mace              |       |     1 ||     1
 Cast: Flame Tongue      |    33 |    86 ||   119
  Use: Potion            |       |     4 ||     4
  Eat: Chunk             |       |     4 ||     4
       Meat ration       |       |     1 ||     1
Armor: Robe              |     5 |   125 ||   130
Dodge: Dodged            |     7 |   200 ||   207

Table legend:
 A = Spawn XP
 B = Non-spawn XP
 C = Spawn XP percentage of total XP
 D = Spawn monster count
 E = Non-spawn monster count
 F = Spawn count percentage of total count
 G = Total turns spent on level
                    A         B        C        D         E        F      G
               +---------+---------+-------+---------+---------+-------+---------
         Total |       0 |     341 |   0.0 |       0 |      58 |   0.0 |  3416
               +---------+---------+-------+---------+---------+-------+---------
           D:1 |       0 |      14 |   0.0 |       0 |      10 |   0.0 |   741
           D:2 |       0 |     147 |   0.0 |       0 |      24 |   0.0 |  1211
           D:3 |       0 |     155 |   0.0 |       0 |      21 |   0.0 |  1376
           D:4 |       0 |      25 |   0.0 |       0 |       3 |   0.0 |    88
               +---------+---------+-------+---------+---------+-------+---------
